 Dungeon Crawl Stone Soup version 0.32-a0-673-g3729bd50f8 (webtiles) character file.

Game seed: 11325621137649455575

41927 jasper the Brawler (level 13, -3/132 HPs)
             Began as a Troll Fighter on Mar 10, 2024.
             Was an Elder of Wu Jian.
             Slain by a yak (30 damage)
             ... on level 5 of the Lair of Beasts.
             The game lasted 00:23:30 (13680 turns).

jasper the Brawler (Troll Fighter)                 Turns: 13680, Time: 00:23:31

Health: -3/132     AC:  8    Str: 29    XL:     13   Next: 82%
Magic:  12/12      EV:  1    Int:  6    God:    Wu Jian [****..]
Gold:   868        SH:  0    Dex:  9    Spells: 10/12 levels left

rFire   . .          .
                       - Unarmed
rCold   . . .        b - +1 kite shield
rNeg    . . .        D - melded +0 steam dragon scales
rPois   .            i - +2 hat {SInv}
rElec   .            (no cloak)
rCorr   .            (gloves unavailable)
SInv    +            (boots unavailable)
Will    .....        B - amulet of the acrobat
Stlth   +            r - +5 ring of evasion
HPRegen 1.22/turn    K - +4 ring of protection
MPRegen 0.13/turn

%: acrobat
@: about to teleport, maw-form, sleeping
A: devouring maw, large, unfitting armour, claws 3, regeneration 1, shaggy fur
1, tough skin 1
a: Begin Untransformation, Renounce Religion, Wall Jump, Serpent's Lash


You were on level 5 of the Lair of Beasts.
You worshipped Wu Jian.
Wu Jian was greatly pleased with you.
You were a creature with a mouth for a stomach.
You visited 3 branches of the dungeon, and saw 17 of its levels.

You collected 1071 gold pieces.
You spent 203 gold pieces at shops.

Inventory:

Missiles
 d - 53 poisoned darts (quivered)
 g - 109 stones
 n - 16 boomerangs
 v - 2 throwing nets
 E - 8 curare-tipped darts
Armour
 a - a +0 robe
 b - a +1 kite shield (worn)
 i - a +2 hat of see invisible (worn)
 q - a +2 robe of willpower
 D - +0 steam dragon scales (melded)
 O - a +0 troll leather armour
Jewellery
 l - an amulet of magic regeneration
 r - a +5 ring of evasion (left claw)
 y - a ring of resist corrosion
 z - a ring of see invisible
 B - an amulet of the acrobat (around neck)
 K - a +4 ring of protection (right claw)
 M - the amulet "Tutiom" {Spirit Dex+5}
   (You found it on level 7 of the Dungeon)

   [amulet of guardian spirit]

   Spirit:    It causes incoming damage to be divided between your reserves of
   health and magic.
   Dex+5:     It affects your dexterity (+5).
 N - the ring of Xom's Flight of Fancy {*Corrode *Slow EV+5 Int+8 Dex+4}
   (You found it on level 7 of the Dungeon)

   [ring of evasion]

   EV+5:      It affects your evasion (+5).
   Int+8:     It affects your intelligence (+8).
   Dex+4:     It affects your dexterity (+4).
   *Corrode:  It may corrode you when you take damage.
   *Slow:     It may slow you when you take damage.
 P - a ring of magical power
 Q - a +6 ring of dexterity
Talismans
 k - a blade talisman
 t - a maw talisman (active)
Wands
 o - a wand of flame (4)
 s - a wand of paralysis (7)
 u - a wand of digging (10)
 C - a wand of polymorph (8)
 H - a wand of roots (3)
Scrolls
 f - 2 scrolls of blinking
 m - 4 scrolls of enchant weapon
 p - 9 scrolls of teleportation
 w - 2 scrolls of enchant armour
 A - 4 scrolls of noise
 F - 2 scrolls of revelation
 G - 5 scrolls of identify
 I - 4 scrolls of poison
 J - 4 scrolls of fog
Potions
 c - 2 potions of might
 e - 5 potions of curing
 h - a potion of brilliance
 j - a potion of enlightenment
 x - 3 potions of attraction
Miscellaneous
 L - a phantom mirror (inert)


   Skills:
 + Level 9.7 Fighting
 - Level 2.4 Dodging
 + Level 10.6 Shields
 * Level 15.5 Unarmed Combat
 - Level 10.0 Shapeshifting


You had 10 spell levels left.
You knew the following spells:

 Your Spells              Type           Power      Damage    Failure   Level
a - Blink                 Tloc           0%         N/A       75%         2

Your spell library contained the following spells:

 Spells                   Type           Power      Damage    Failure   Level
 Magic Dart               Conj           0%         1d3       61%         1
 Sting                    Conj/Alch      0%         1d3       61%         1
 Call Imp                 Summ           0%         N/A       75%         2
 Jinxbite                 Hex            0%         N/A       75%         2
 Lesser Beckoning         Tloc           0%         N/A       75%         2
 Mercury Vapours          Alch/Air       0%         N/A       75%         2
 Momentum Strike          Conj/Tloc      0%         3d8       75%         2
 Call Canine Familiar     Summ           0%         N/A       93%         3
 Dazzling Flash           Conj/Hex       0%         N/A       93%         3
 Gell's Gravitas          Tloc           0%         N/A       93%         3
 Inner Flame              Hex/Fire       0%         N/A       93%         3
 Mephitic Cloud           Conj/Alch/Air  0%         N/A       93%         3
 Sigil of Binding         Hex            0%         N/A       93%         3
 Summon Ice Beast         Ice/Summ       0%         N/A       93%         3
 Teleport Other           Tloc           0%         N/A       93%         3
 Volatile Blastmotes      Fire/Tloc      0%         2d10      93%         3
 Animate Armour           Summ/Erth      0%         N/A       100%        4
 Dimensional Bullseye     Hex/Tloc       0%         N/A       100%        4
 Fulminant Prism          Conj/Alch      0%         3d5       100%        4
 Iskenderun's Mystic Bla  Conj/Tloc      0%         2d3       100%        4
 Olgreb's Toxic Radiance  Alch           0%         N/A       100%        4
 Summon Lightning Spire   Summ/Air       0%         N/A       100%        4
 Curse of Agony           Necr           0%         N/A       100%        5
 Irradiate                Conj/Alch      0%         3d11      100%        5
 Lee's Rapid Deconstruct  Erth           0%         3d4*      100%        5
 Silence                  Hex/Air        0%         N/A       100%        5
 Summon Mana Viper        Hex/Summ       0%         N/A       100%        5
 Yara's Violent Unravell  Hex/Alch       0%         3d3       100%        5
 Enfeeble                 Hex            0%         N/A       100%        7
 Monstrous Menagerie      Summ           0%         N/A       100%        7
 Ignition                 Fire           0%         3d3       100%        8


Dungeon Overview and Level Annotations

Branches:
Dungeon (11/15)            Temple (1/1) D:7            Lair (5/5) D:11
  Swamp (0/4) Lair:2       Spider (0/4) Lair:2          Orc (0/2) D:10
  Slime: Lair:4-5

Altars:
Ashenzari
Cheibriados
Dithmenos
Elyvilon
Fedhas
Gozag
Hepliaklqana
Kikubaaqudgha
Makhleb
Nemelex Xobeh
Okawaru
Qazlal
Ru
Sif Muna
Trog
Uskayaw
Vehumet
Wu Jian
Xom
Yredelemnul
Zin
The Shining One

Shops:
D:4 =   D:7 ?

Annotations:
Lair:4 3 runed translucent doors, Zonian's ghost, journeyman GnSh


Innate Abilities, Weirdness & Mutations

You are a creature with a mouth for a stomach.
Your midsection houses a second, enormous mouth.
You are too large for most types of armour.
You have claws for hands.
Your natural rate of healing is unusually fast.
You are covered in fur. (AC +1)
You have tough skin. (AC +1)


Message History

A dream sheep comes into view.
Found a potion of curing.
You spin and attack the yak repeatedly.
The dream sheep bleats!
You mangle the yak!!
The yak is severely wounded.
You barely miss the yak. Your bite misses the yak.
The yak is severely wounded.
The dream sheep shake their wool and sparkle.
You feel drowsy...
You fall asleep.
The yak gores you!!!
You wake up.
* * * LOW HITPOINT WARNING * * *
The yak gores you!
* * * LOW HITPOINT WARNING * * *
You hear an angry hiss.
You hear a howl!
You take 50 damage, and have 26/132 hp.
MASSIVE DAMAGE!!
Unknown command.
Unknown command.
Unknown command.
As you read the scroll of teleportation, it crumbles to dust.
You feel strangely unstable. The yak gores you!
* * * LOW HITPOINT WARNING * * *
The yak gores you.
* * * LOW HITPOINT WARNING * * *
You take 12 damage, and have 14/132 hp.
Unknown command.
You feel better. You block the black mamba's attack.
The black mamba closely misses you. You block the yak's attack.
The yak closely misses you. x2
You regained 10 hp, and now have 24/132 hp.
A wolf comes into view.
You spin and attack the yak.
You claw the yak!
You kill the yak!
The Council accepts your kill. You block the black mamba's attack.
You spin and attack the yak.
You scratch the yak. You bite the yak!
The yak is moderately wounded.
The dream sheep are wreathed in dream dust.
You feel drowsy...
You fall asleep.
The yak gores you!!
You die...

P...P...#
#..######.P#....##
P...P..##
P............†.#.####
....####
#.^...........?.....#
.....#
###.....#............##
.....#
#.#...................#
..####
#.......#..h..........#
...#
#.....#............P.#
.###
#P.................P##
.#
#...YW..............#
##
#...YYS.............# #
#....Y.P............
#.YYYY..####...P.P.
....Y.....# #..P##
..........# ...#
.........$. ..
..P.........
.P........##.


You could see a black mamba, 5 yaks, a wolf and 4 dream sheep.

Vanquished Creatures
  Gastronok (Lair:3)
  4 hydras
  A centaur warrior (D:7)
  A boulder beetle (D:7)
  2 two-headed ogres
  Nergalle (Lair:1)
  3 skysharks
  2 bog bodies (Lair:2)
  A lindwurm (Lair:4)
  An ugly thing (D:7)
  A cyclops (D:11)
  A manticore (D:11)
  4 elephants (Lair:4)
  3 black mambas
  A torpor snail (Lair:3)
  7 cane toads
  Maggie (D:7)
  A gargoyle (D:10)
  Jeremiah (Lair:1)
  6 komodo dragons
  4 kobold demonologists (D:11)
  3 rime drakes
  3 polar bears (Lair:5)
  3 hornets (Lair:5)
  3 trolls
  A tarantella (Lair:2)
  Prince Ribbit (D:5)
  5 blink frogs
  A dream sheep (Lair:5)
  7 spriggans (Lair:5)
  A slime creature (D:7)
  Sigmund (D:3)
  A culicivora (Lair:2)
  A shadow (D:11)
  52 yaks
  7 wyverns
  2 wraiths (D:11)
  A fire elemental (Lair:3)
  4 basilisks
  A human (D:10)
  Grum (Lair:1)
  3 vampire mosquitoes (D:11)
  Menkaure (D:7)
  An acid dragon (D:7)
  13 water moccasins
  2 ice beasts
  5 orc warriors
  A boggart (Lair:5)
  15 wolves
  4 centaurs
  2 ogres
  2 phantoms (D:6)
  8 kobold brigands
  9 bullfrogs
  A gnoll sergeant (D:8)
  3 scorpions
  2 howler monkeys
  2 electric eels (D:6)
  2 jellies (D:6)
  A bombardier beetle (D:6)
  2 hounds
  11 orc priests
  2 gnoll boudas
  3 iguanas
  12 orc wizards
  2 adders
  25 gnolls
  A shadow imp (D:6)
  2 white imps
  4 ufetubi
  A ribbon worm (D:4)
  A dart slug (D:3)
  34 orcs
  6 bats
  6 endoplasms
  A giant cockroach (D:3)
  4 goblins
  7 hobgoblins
  3 jackals (D:3)
  3 quokkas
  4 ball pythons
  6 frilled lizards
  39 kobolds
  5 rats
407 creatures vanquished.

Vanquished Creatures (collateral kills)
  A hydra (Lair:2)
1 creature vanquished.

Vanquished Creatures (others)
  A kobold (D:7)
1 creature vanquished.

Grand Total: 409 creatures vanquished

Notes
Turn   | Place    | Note
-------+----------+-------------------------------------------
     0 | D:1      | jasper the Troll Fighter began the quest for the Orb.
     0 | D:1      | Reached XP level 1. HP: 22/22 MP: 0/0
   256 | D:1      | Reached XP level 2. HP: 29/29 MP: 1/1
   795 | D:2      | Reached XP level 3. HP: 36/36 MP: 2/2
  1090 | D:2      | Identified the +1 scale mail "Ojar Zorun" {^Drain rElec
                  | SInv}
  1421 | D:3      | Reached skill level 3 in Unarmed Combat
  1848 | D:3      | Reached XP level 4. HP: 25/44 MP: 3/3
  1900 | D:3      | Noticed Sigmund
  1906 | D:3      | Killed Sigmund
  1907 | D:3      | Reached skill level 4 in Unarmed Combat
  1907 | D:3      | Reached XP level 5. HP: 45/53 MP: 4/4
  2340 | D:4      | Noticed an ogre
  2343 | D:4      | Killed an ogre
  2344 | D:4      | Reached XP level 6. HP: 61/61 MP: 5/5
  2347 | D:4      | Learned a level 2 spell: Blink
  2366 | D:4      | Reached skill level 5 in Unarmed Combat
  2476 | D:4      | Found Vefosmex's Jewellery Shop.
  2899 | D:5      | Entered Level 5 of the Dungeon
  2904 | D:5      | Noticed an orc warrior
  2917 | D:5      | Killed an orc warrior
  2990 | D:5      | Reached XP level 7. HP: 65/68 MP: 6/6
  3138 | D:5      | Reached skill level 6 in Unarmed Combat
  3300 | D:5      | Noticed Prince Ribbit
  3320 | D:5      | Killed Prince Ribbit
  3325 | D:5      | Reached skill level 5 in Shields
  3376 | D:5      | Reached XP level 8. HP: 26/79 MP: 7/7
  3381 | D:5      | Reached skill level 7 in Unarmed Combat
  4002 | D:6      | Reached skill level 5 in Fighting
  4023 | D:6      | Reached skill level 8 in Unarmed Combat
  4519 | D:6      | Reached XP level 9. HP: 70/88 MP: 8/8
  4926 | D:7      | Noticed Maggie
  4945 | D:7      | Killed Maggie
  4946 | D:7      | Reached skill level 9 in Unarmed Combat
  5027 | D:7      | Noticed a centaur warrior
  5044 | D:7      | Killed a centaur warrior
  5117 | D:7      | Reached skill level 10 in Unarmed Combat
  5401 | D:8      | Reached XP level 10. HP: 93/100 MP: 9/9
  6306 | D:9      | Reached skill level 11 in Unarmed Combat
  6950 | D:10     | Entered Level 10 of the Dungeon
  6995 | D:10     | Noticed Sonja
  7009 | D:10     | Sonja changed into Sonja the blink frog
  7009 | D:10     | Noticed Sonja
  7015 | D:10     | Killed Sonja the blink frog
  7503 | D:7      | Found a staircase to the Ecumenical Temple.
  7582 | Temple   | Entered the Ecumenical Temple
  7595 | Temple   | Became a worshipper of the Wu Jian Council
  7950 | D:7      | Found Val Qymp's Magic Scroll Emporium.
  7971 | D:7      | Bought a scroll of poison for 44 gold pieces
  7971 | D:7      | Bought a scroll of fog for 44 gold pieces
  7971 | D:7      | Bought a scroll of teleportation for 33 gold pieces
  7971 | D:7      | Bought a scroll of enchant armour for 82 gold pieces
  8031 | D:7      | Found a hide-covered altar of Uskayaw.
  8082 | D:7      | Noticed Menkaure
  8086 | D:7      | Killed Menkaure
  8236 | D:7      | Noticed a boulder beetle
  8242 | D:7      | Noticed a purple ugly thing
  8259 | D:7      | Killed a purple ugly thing
  8284 | D:7      | Killed a boulder beetle
  8285 | D:7      | Reached skill level 12 in Unarmed Combat
  8357 | D:7      | Identified the amulet "Tutiom" {Spirit Dex+5}
  8360 | D:7      | Identified the ring of Xom's Flight of Fancy {*Corrode
                  | *Slow EV+5 Int+8 Dex+4}
  8550 | D:10     | Found a staircase to the Orcish Mines.
  8695 | D:10     | Noticed a gargoyle
  8699 | D:10     | Killed a gargoyle
  8700 | D:10     | Reached XP level 11. HP: 109/109 MP: 10/10
  8820 | D:10     | Noticed a two-headed ogre
  8829 | D:10     | Killed a two-headed ogre
  9190 | D:11     | Reached * piety under Wu Jian
  9300 | D:11     | Reached skill level 13 in Unarmed Combat
  9414 | D:11     | Noticed a two-headed ogre
  9422 | D:11     | Killed a two-headed ogre
  9473 | D:11     | Reached ** piety under Wu Jian
  9586 | D:11     | Found a staircase to the Lair.
  9595 | D:11     | Noticed a sun demon
  9660 | D:11     | Reached skill level 5 in Shapeshifting
  9877 | Lair:1   | Entered Level 1 of the Lair of Beasts
  9886 | Lair:1   | Reached XP level 12. HP: 84/120 MP: 11/11
 10002 | Lair:1   | Noticed Grum
 10011 | Lair:1   | Killed Grum
 10154 | Lair:1   | Noticed Nergalle
 10162 | Lair:1   | Killed Nergalle
 10467 | Lair:1   | Noticed Jeremiah
 10526 | Lair:1   | Killed Jeremiah
 10955 | Lair:2   | Found a staircase to the Swamp.
 10955 | Lair:2   | Found a hole to the Spider Nest.
 11703 | Lair:2   | Noticed a four-headed hydra
 11710 | Lair:2   | Killed a four-headed hydra
 11711 | Lair:2   | Reached skill level 10 in Shapeshifting
 11851 | Lair:3   | Reached *** piety under Wu Jian
 11855 | Lair:3   | Noticed Gastronok
 11880 | Lair:3   | Killed Gastronok
 11972 | Lair:3   | Noticed an eight-headed hydra
 11977 | Lair:3   | Killed a ten-headed hydra
 12177 | Lair:3   | Reached XP level 13. HP: 124/128 MP: 12/12
 12263 | Lair:3   | Reached skill level 14 in Unarmed Combat
 12741 | Lair:4   | Noticed Zonian's ghost (journeyman GnSh)
 12869 | Lair:4   | Found a runed translucent gate.
 12869 | Lair:4   | Found a runed translucent gate.
 12869 | Lair:4   | Found a runed translucent gate.
 12935 | Lair:4   | Reached skill level 10 in Shields
 13137 | Lair:4   | Reached **** piety under Wu Jian
 13476 | Lair:5   | Entered Level 5 of the Lair of Beasts
 13486 | Lair:5   | Reached skill level 15 in Unarmed Combat
 13680 | Lair:5   | Slain by a yak

Illustrated notes

Levels and vault maps discovered:
D:1:      minmay_arrival_semitransparent, layout_basic
D:2:      layout_basic
D:3:      layout_loops_corners, uniq_sigmund
D:4:      layout_loops_ring, serial_shops, shop
D:5:      layout_basic, uniq_prince_ribbit1
D:6:      hellmonk_ruined_rings, layout_basic, nrook_mini_vaults,
          serial_bayou_lake_a
D:7:      layout_layer_cave, nicolae_uskayaw_dance_hall,
          minmay_temple_entry_stoned_glass, serial_shops,
          nicolae_shop_window_shopping, minmay_the_grid_2x2
          [minmay_the_grid_garden, minmay_the_grid_aliased_spiral,
          minmay_the_grid_eight, minmay_the_grid_prize_trominoes],
          uniq_menkaure, uniq_maggie
D:8:      layout_loops_ring
D:9:      layout_loops_cross, serial_co_window_serial,
          co_window_of_opportunity_a, co_window_paths_a,
          co_window_of_opportunity_a, co_window_paths_b, co_window_paths_b,
          co_window_paths_b, co_window_cross_2, co_window_of_opportunity_b,
          co_window_broadway_b, co_window_2corner, nicolae_elevator_lobby_plus
D:10:     layout_irregular_city, erik_orc_4, uniq_sonja
D:11:     layout_cave_pools, minmay_lair_entry_grove
Temple:   nicolae_temple_the_god_donut
Lair:1:   layout_roguey, serial_bayou_shore_b, serial_bayou_shore_b, uniq_grum,
          uniq_nergalle, uniq_jeremiah
Lair:2:   layout_cave_pods, skrybe_swamp_entry_bodies, spider_nest_entry_rubble,
          grunt_megastairs_1
Lair:3:   layout_gridlike, uniq_gastronok
Lair:4:   layout_big_grid, gammafunk_ghost_split, serial_bayou_shore_b,
          infiniplex_staircase_pool_2, grunt_megastairs_2
Lair:5:   minmay_lair_end_enchanted_forest, layout_gridlike, slime_entry_1,
          st_stairs_13, serial_bayou_pond_c

Skill      XL: |  1  2  3  4  5  6  7  8  9 10 11 12 13 |
---------------+----------------------------------------+-----
Shields        | 3 4 5 6 7 8 9 10 | 10.6
Unarmed Combat | 3 4 5 6 8 10 12 13 15 | 15.5
Fighting       | 3 4 5 6 7 8 9 |  9.7
Shapeshifting  | 6 10 | 10.0
Dodging        | |  2.4

Action                     |  1- 3 |  4- 6 |  7- 9 | 10-12 | 13-15 || total
---------------------------+-------+-------+-------+-------+-------++-------
  Melee: Unarmed           |   103 |    48 |   260 |   711 |   253 ||  1375
         Maw               |       |       |       |    24 |    71 ||    95
  Throw: Dart              |       |     2 |     4 |     7 |       ||    13
         Throwing net      |       |       |       |     1 |       ||     1
 Invoke: Serpent's Lash    |       |       |       |     2 |     4 ||     6
Ability: Lunge             |       |       |       |    50 |    25 ||    75
         Whirlwind         |       |       |       |   202 |    58 ||   260
         Wall Jump         |       |       |       |       |     1 ||     1
  Evoke: Wand              |       |       |       |     9 |     1 ||    10
         Phantom mirror    |       |       |       |     1 |     1 ||     2
    Use: Scroll            |     4 |     7 |     5 |     9 |     3 ||    28
         Potion            |       |     1 |     1 |     5 |     1 ||     8
   Stab: Sleeping          |       |     1 |       |       |       ||     1
         Held in net/web   |       |       |       |     1 |       ||     1
         Distracted        |       |       |       |       |     1 ||     1
 Armour: Robe              |    48 |    22 |    98 |       |       ||   168
         Steam dragon scal |       |       |    48 |   306 |       ||   354
         Skin              |       |       |       |    29 |   105 ||   134
  Dodge: Dodged            |    23 |    14 |   140 |   302 |    76 ||   555
  Block: Kite shield       |    29 |    11 |   141 |   326 |   114 ||   621
   Form: Maw               |       |       |       |     1 |       ||     1

Table legend: (Time is in decaauts)
 A = Elapsed time spent in this place.
 B = Non-inter-level travel time spent in this place.
 C = Inter-level travel time spent in this place.
 D = Time resting spent in this place.
 E = Time spent auto-exploring this place.
 F = Levels seen in this place.
 G = Mean time per level.
                   A        B        C        D        E       F      G
               +--------+--------+--------+--------+--------+-----+--------+
         Total |  13613 |  12760 |    853 |    623 |   9527 |  17 |  800.8 |
       Dungeon |   9837 |   9123 |    714 |    532 |   6745 |  11 |  894.3 |
        Temple |     26 |      2 |     24 |      0 |      0 |   1 |   26.0 |
          Lair |   3749 |   3634 |    115 |     90 |   2781 |   5 |  749.8 |
               +--------+--------+--------+--------+--------+-----+--------+

Top non-repeatable levels by time:
     D:7: 1448 daAuts
     D:5: 1086 daAuts
     D:9: 1075 daAuts
  Lair:2: 1071 daAuts
     D:3: 1014 daAuts
  Lair:1: 868 daAuts
  Lair:3: 845 daAuts
     D:1: 820 daAuts
     D:6: 817 daAuts
     D:8: 795 daAuts
    D:11: 790 daAuts
  Lair:4: 779 daAuts
    D:10: 709 daAuts
     D:4: 705 daAuts
     D:2: 574 daAuts
